 Dungeon Crawl Stone Soup version 0.25-a0-890-g62861fb (webtiles) character file.

Game seed: 7367147462593435548, levelgen mode: deterministic

78 Charmandara the Sneak (level 4, -1/27 HPs)
             Began as an Octopode Wizard on May 2, 2020.
             Was an Initiate of Sif Muna.
             Killed by divine providence
             ... invoked by an orc priest
              (14 damage)
             ... on level 3 of the Dungeon.
             The game lasted 00:05:27 (1959 turns).

Charmandara the Sneak (Octopode Wizard)             Turns: 1959, Time: 00:05:28

Health: -1/27      AC:  1    Str:  6    XL:     4   Next: 36%
Magic:  7/8        EV: 11    Int: 21    God:    Sif Muna [......]
Gold:   156        SH:  0    Dex: 10    Spells: 1/9 levels left

rFire    . . .     SeeInvis +   l - +0 short sword
rCold    . . .     Gourm    .   (no shield)
rNeg     + . .     Faith    .   a - +0 hat
rPois    .         Spirit   .   (no amulet)
rElec    .         Reflect  .   f - -2 ring of evasion (curse)
rCorr    .         Harm     .   j - ring of see invisible {sInv, !d}
MR       .....                  t - ring of positive energy {rN+}
Stlth    +++.......             (no ring)
HPRegen  0.09/turn              (no ring)
MPRegen  0.11/turn              (no ring)
                                (no ring)
                                (no ring)

@: no status effects
A: almost no armour, stealthy swim, amphibious, 8 rings, constrict 8, camouflage
1, gelatinous body 1
a: Renounce Religion


You were on level 3 of the Dungeon.
You worshipped Sif Muna.
Sif Muna was noncommittal.
You were not hungry.

You visited 1 branch of the dungeon, and saw 3 of its levels.

You collected 156 gold pieces.

Inventory:

Hand Weapons
 i - a +0 club
   (You took it off a hobgoblin on level 1 of the Dungeon)
 k - a +0 club
   (You took it off a hobgoblin on level 1 of the Dungeon)
 l - a +0 short sword (weapon)
   (You found it on level 1 of the Dungeon)
 m - a +0 hunting sling
   (You found it on level 1 of the Dungeon)
 p - a +0 whip
   (You found it on level 2 of the Dungeon)
Missiles
 s - a throwing net {=f, !d}
Armour
 a - a +0 hat (worn)
Jewellery
 f - a cursed -2 ring of evasion (left tentacle)
   (You found it on level 1 of the Dungeon)
 j - a ring of see invisible (right tentacle) {sInv, !d}
   (You found it on level 1 of the Dungeon)
 t - a ring of positive energy (on tentacle) {rN+}
   (You found it on level 3 of the Dungeon)
Scrolls
 e - 3 scrolls of remove curse
 g - 2 scrolls of fog {unknown}
 r - 2 scrolls of amnesia {unknown}
Potions
 h - a potion of curing
 n - a potion of ambrosia
 o - a potion of stabbing
 q - a potion of flight
Comestibles
 c - 5 rations
 d - 3 chunks of flesh {@w0}


   Skills:
 - Level 2.0 Dodging
 + Level 4.2 Stealth
 - Level 3.0 Spellcasting
 * Level 3.3 Conjurations
 - Level 1.0 Summonings
 - Level 1.0 Translocations


You had one spell level left.
You knew the following spells:

 Your Spells              Type           Power        Failure   Level  Hunger
a - Magic Dart            Conj           ###.         3%          1    None
b - Blink                 Tloc           N/A          13%         2    ##.....
c - Call Imp              Summ           #.......     13%         2    ##.....
x - Mephitic Cloud        Conj/Pois/Air  #.......     26%         3    ###....

Your spell library contained the following spells:

 Spells                   Type           Power        Failure   Level  Hunger
 Slow                     Hex            #.......     21%         2    ##.....
 Conjure Flame            Conj/Fire      ##......     21%         3    ###....


Dungeon Overview and Level Annotations

Branches:
Dungeon (3/15)

Altars:
Qazlal
Sif Muna


Innate Abilities, Weirdness & Mutations

You cannot wear most types of armour.
You are very stealthy in the water. (Stealth+)
You are amphibious.
You can wear up to eight rings at the same time.
You can use your tentacles to constrict eight enemies at once.
Your skin changes colour to match your surroundings (Stealth+).
Your rubbery body absorbs attacks. (AC +1, EV +1)


Message History

You see here a leopard gecko corpse.
You butcher the leopard gecko corpse.
d - 3 chunks of flesh {@w0} (gained 1)
You see here a leopard gecko skeleton.
Unknown command.
You see here a leopard gecko skeleton.
d - 4 chunks of flesh {@w0} (gained 1)
You see here a rat skeleton.
t - a bronze ring MP restored: 8 Unknown command.
t - a ring of positive energy (on tentacle) Unknown command.
Okay, then.
As you read the scroll labeled AXUIGE HUZO, it crumbles to dust.
It is a scroll of identify.
o - a potion of stabbing
As you read the scroll of identify, it crumbles to dust.
n - a potion of ambrosia
As you read the scroll of identify, it crumbles to dust.
q - a potion of flight
As you read the scroll of identify, it crumbles to dust.
h - a potion of curing
As you read the scroll of identify, it crumbles to dust.
e - 3 scrolls of remove curse Some of the chunks of flesh in your inventory have rotted away.
A kobold comes into view. It is quivering 2 poisoned darts.
A kobold is nearby!
Aim: a kobold, quivering 2 poisoned darts (resting)
The magic dart hits the kobold but does no damage.
The kobold shouts!
The kobold throws a poisoned dart.
The poisoned dart closely misses you.
You now have 7/8 mp.
Aim: a kobold, quivering a poisoned dart The magic dart hits the kobold.
The kobold throws a poisoned dart.
The poisoned dart barely misses you.
A rat comes into view.
You now have 6/8 mp.
Aim: a kobold (severely wounded)
You miscast Magic Dart.
You are very lightly contaminated with residual magic.
Nothing appears to happen.
You now have 5/8 mp.
Aim: a kobold (severely wounded)
The magic dart hits the kobold.
You kill the kobold!
Sif Muna accepts your kill.
You now have 4/8 mp.
Unknown command.
Found an escape hatch in the floor.
Aim: a rat The magic dart hits the rat.
You kill the rat!
Sif Muna accepts your kill.
You now have 3/8 mp.
Unknown command.
Some of the chunks of flesh in your inventory have rotted away.
You see here a rat corpse.
You butcher the rat corpse.
d - 3 chunks of flesh {@w0} (gained 1)
You see here a rat skeleton.
You see here 2 poisoned darts.
You see here a rat skeleton.
There is an escape hatch in the floor here.
Your magical contamination has completely faded away. 2 orcs come into view.
The orc shouts! x2
You regained 2 mp, and now have 7/8 mp.
There are monsters nearby!
Aim: an orc, wielding a +0 trident The magic dart hits the orc.
An orc priest comes into view. It is wielding a +0 hand axe.
An orc comes into view. It is wielding a +0 club.
You now have 6/8 mp.
Aim: an orc, wielding a +0 trident (heavily wounded)
The magic dart hits the orc.
You kill the orc!
Sif Muna accepts your kill.
The orc shouts!
The orc priest shouts!
The orc priest invokes the aid of Beogh against you.
Pain shoots through your body!
An orc priest comes into view. It is wielding a +0 vorpal flail.
You take 3 damage, and have 24/27 hp.
You now have 5/8 mp.
Aim: an orc priest, wielding a +0 hand axe
Okay, then.
The orc priest calls down the wrath of Beogh upon you.
Beogh smites you!
You take 13 damage, and have 12/27 hp.
MASSIVE DAMAGE!!
The orc priest mumbles some strange prayers to Beogh against you.
You barely resist.
Unknown command.
Unknown command.
The orc priest looks encouraged for a moment.
There is a stone staircase leading down here.
There is a stone staircase leading up here.
The orc priest invokes the aid of Beogh against you.
Beogh smites you!
Ouch! That really hurt!
You die...

######### #....รท..#
#############>#####(#
#.............# #.#
#######.##...(...#### #.#
#........#.#####.#### #.#
###.#####..#.# #....# #.#
..........o..#####.##.#####.#
###.#####......>@..##.......#####
###.# #.########...............
#..)# #.# ####.#####.####. #o###
#.# #.# #.# #. #o# #.# #.# #.# #.
#.# #.# #.# ##.# #. #o# #.# #.#
#[.####. #). #. #.# #..##... .o%
#.# #..##.#.


You could see an orc priest.

Vanquished Creatures
  An adder (D:2)
  A worm (D:2)
  2 dart slugs (D:1)
  2 leopard geckos
  An orc (D:3)
  6 giant cockroaches
  2 goblins
  8 hobgoblins
  4 jackals
  3 kobolds
  2 quokkas (D:2)
  8 bats
  3 frilled lizards (D:1)
  15 rats
58 creatures vanquished.

Notes
Turn   | Place    | Note
-------+----------+-------------------------------------------
     0 | D:1      | Charmandara the Octopode Wizard began the quest for the
                  | Orb.
     0 | D:1      | Reached XP level 1. HP: 11/11 MP: 4/4
    51 | D:1      | Reached skill level 3 in Stealth
   108 | D:1      | Reached XP level 2. HP: 17/17 MP: 3/6
   163 | D:1      | Reached skill level 2 in Conjurations
   370 | D:1      | Learned a level 2 spell: Blink
   373 | D:1      | Learned a level 2 spell: Call Imp
   444 | D:1      | Reached XP level 3. HP: 15/21 MP: 4/7
  1191 | D:2      | Reached skill level 3 in Conjurations
  1304 | D:2      | Reached skill level 4 in Stealth
  1347 | D:2      | Reached XP level 4. HP: 27/27 MP: 5/8
  1421 | D:2      | Found a shimmering blue altar of Sif Muna.
  1437 | D:2      | Became a worshipper of Sif Muna the Loreminder
  1442 | D:2      | Learned a level 3 spell: Mephitic Cloud
  1801 | D:2      | Found a stormy altar of Qazlal.
  1959 | D:3      | Killed from afar by an orc priest

Levels and vault maps discovered:
D:1:      dpeg_arrival_long_road, layout_loops_ring
D:2:      layout_rooms, nicolae_overflow_crystal_walls,
          nicolae_qazlal_eye_of_the_storm, chequers_serial_rivers_micro_d,
          item_on_display_a
D:3:      layout_loops_ring, grunt_temple_overflow_open, first_ration,
          nicolae_ashenzari_panopticon

Skill      XL: |  1  2  3 |
---------------+----------+-----
Stealth        | 3 4 |  4.2
Conjurations   | 2 3 |  3.3
Dodging        | |  2.0
Spellcasting   | |  3.0
Summonings     | |  1.0
Translocations | |  1.0

Action                   |  1- 3 |  4- 6 || total
-------------------------+-------+-------++-------
Melee: Unarmed           |    33 |       ||    33
       Constrict         |    10 |     3 ||    13
       Tentacles         |     8 |       ||     8
       Short sword       |     2 |    11 ||    13
 Cast: Magic Dart        |    69 |    30 ||    99
  Use: Scroll            |       |     5 ||     5
 Stab: Sleeping          |     1 |       ||     1
  Eat: Chunk             |     1 |     2 ||     3
Armor: Skin              |     7 |     1 ||     8
Dodge: Dodged            |    29 |     7 ||    36

Table legend:
 A = Non-vault XP
 B = Vault XP
 C = Vault XP percentage of total XP
 D = Non-vault monster count
 E = Vault monster count
 F = Vault count percentage of total count
                 A         B        C        D         E       F
            +---------+---------+-------+---------+---------+-------
      Total |     112 |       0 |   0.0 |      58 |       0 |   0.0
            +---------+---------+-------+---------+---------+-------
        D:1 |      52 |       0 |   0.0 |      30 |       0 |   0.0
        D:2 |      50 |       0 |   0.0 |      22 |       0 |   0.0
        D:3 |      10 |       0 |   0.0 |       6 |       0 |   0.0
            +---------+---------+-------+---------+---------+-------

Levels and vault maps discovered:
D:1:      dpeg_arrival_long_road, layout_loops_ring
D:2:      layout_rooms, nicolae_overflow_crystal_walls,
          nicolae_qazlal_eye_of_the_storm, chequers_serial_rivers_micro_d,
          item_on_display_a
D:3:      layout_loops_ring, grunt_temple_overflow_open, first_ration,
          nicolae_ashenzari_panopticon

Table legend:
 A = Turns spent in this place as a percentage of turns spent in the entire game.
 B = Non-inter-level travel turns spent in this place as a percentage of non-inter-level travel turns spent in the entire game.
 C = Inter-level travel turns spent in this place as a percentage of turns spent in this place.
 D = Turns resting spent in this place as a percentage of non-inter-level travel turns spent in this place.
 E = Turns spent auto-exploring this place as a percentage of non-inter-level travel turns spent in this place.
 F = Non-inter-level travel turns spent in this place divided by the number of levels of this place that you've seen.
                   A       B       C       D       E      F
               +-------+-------+-------+-------+-------+----------------------
         Total | 100.0 | 100.0 |   3.7 |  28.7 |  42.5 | 628.7
       Dungeon | 100.0 | 100.0 |   3.7 |  28.7 |  42.5 | 628.7
               +-------+-------+-------+-------+-------+----------------------

Table legend:
 A = Kills in this place as a percentage of kills in entire the game.
 B = Kills by you in this place as a percentage of kills by you in the entire game.
 C = Kills by friends in this place as a percentage of kills by friends in the entire game.
 D = Other kills in this place as a percentage of other kills in the entire game.
 E = Experience gained in this place as a percentage of experience gained in the entire game.
 F = Experience gained in this place divided by the number of levels of this place that you have seen.
                   A       B       C       D       E      F
               +-------+-------+-------+-------+-------+----------------------
         Total | 100.0 | 100.0 |   N/A |   N/A | 100.0 |  37.3
       Dungeon | 100.0 | 100.0 |   N/A |   N/A | 100.0 |  37.3
               +-------+-------+-------+-------+-------+----------------------
